Cogmind - Beta 10.2 @@@ ROGUE MODE // 2020.12.02 @ 03:45:49 Player: WeirdFoe Result: Destroyed by H-55 Commando with Gauss Rifle Performance ------------- Evolutions (3) 1500 Regions Visited (4) 800 Robots Destroyed (23) 115 Value Destroyed (591) 591 Prototype IDs (0) 0 Alien Tech Used (0) 0 Bonus (65) 65 TOTAL SCORE: 3071 Bonus ------- Follower Combat Kills 65 Cogmind --------- Core Integrity 0/700 Matter 24/300 Energy 100/100 System Corruption 11% Temperature Cool (0) Movement Core (550) Ox10 Location -7/Factory Parts ------- > --- POWER (2) -------- (None) > --- PROPULSION (4) --- (None) > --- UTILITY (4) ------ High-capacity Storage Unit > --- WEAPON (3) ------- (None) > --- INVENTORY (12) --- Remote Datajack Peak State ------------ > --- POWER ------------ Light Ion Engine Light Nuclear Core > --- PROPULSION ------- Improved Carbon-fiber Leg Improved Carbon-fiber Leg Improved Carbon-fiber Leg Improved Carbon-fiber Leg > --- UTILITY ---------- High-capacity Storage Unit Targeting Computer Shock Absorption System > --- WEAPON ----------- Light Assault Rifle Light Assault Rifle Heavy Rocket Launcher > --- INVENTORY -------- Light Treads Light Treads Carbon-fiber Leg Carbon-fiber Leg Titanium Leg Heavy Rocket Launcher [Rating: 33] Favorites ----------- Power Light Ion Engine Engine Light Ion Engine Power Core Light Nuclear Core Propulsion Improved Carbon-fiber Leg Treads Light Treads Leg Improved Carbon-fiber Leg Utility High-capacity Storage Unit Device Heat Sink Storage High-capacity Storage Unit Processor Targeting Computer Weapon Light Assault Rifle Energy Gun Medium Laser Energy Cannon Particle Cannon Ballistic Gun Light Assault Rifle Launcher EMP Blaster Special Weapon Plasma Cutter Build | -11 -10 -9 -8 -7 ------- Run | Scr Mat Mat Mat Fac Slots Evolved 6 | . . 2 2 2 Power 1 | . . . 1 . Propulsion 2 | . . 2 . . Utility 2 | . . . 1 1 Weapon 1 | . . . . 1 Parts Attached 50 | 6 3 6 22 13 Power 6 | 1 1 1 3 . Engine 5 | 1 1 1 2 . Core 1 | . . . 1 . Reactor . | . . . . . Propulsion 19 | 2 . 2 8 7 Treads 2 | . . . . 2 Leg 17 | 2 . 2 8 5 Wheel . | . . . . . Hover . | . . . . . Flight . | . . . . . Utility 5 | 1 1 1 2 . Device 2 | . 1 . 1 . Storage 2 | 1 . 1 . . Processor 1 | . . . 1 . Hackware . | . . . . . Protection . | . . . . . Artifact . | . . . . . Weapon 20 | 2 1 2 9 6 Energy Gun 5 | 2 . . . 3 Energy Cannon 1 | . . . 1 . Ballistic Gun 7 | . 1 1 5 . Ballistic Cannon . | . . . . . Launcher 5 | . . 1 1 3 Special Weapon 2 | . . . 2 . Impact Weapon . | . . . . . Slashing Weapon . | . . . . . Piercing Weapon . | . . . . . Special Melee Weapon . | . . . . . Unidentified Prototypes . | . . . . . Parts Lost 24 | . . . 6 18 Power 4 | . . . 2 2 Propulsion 9 | . . . . 9 Utility 3 | . . . 1 2 Weapon 8 | . . . 3 5 Highest Loss Streak 6 | . . . 3 6 Average Slot Usage (%) 78 | . 96 95 90 52 Engine 8 | . 14 11 8 5 Core 2 | . . . 2 4 Leg 28 | . 28 39 36 19 Device 6 | . 10 11 8 1 Storage 9 | . 14 11 9 7 Processor 4 | . . . 8 5 Energy Gun 6 | . 23 3 . 2 Ballistic Gun 6 | . 4 11 11 1 Launcher 1 | . . 7 2 . Naked Turns . | . . . . . Heaviest Build 52 | 11 14 41 45 52 Greatest Support 72 | 20 20 40 72 72 Greatest Overweight (x) 10 | . . 1 1 10 Average Overweight (x) . | . . . . . Largest Inventory Capacity 12 | 6 6 12 12 12 Average Capacity 10 | 5 6 8 12 12 Most Carried 10 | 4 6 6 10 10 Average Carried 6 | 2 5 4 7 6 Final Capacity 12 | 6 6 12 12 12 Final Carried 7 | 4 5 5 7 1 Class Distribution -------------------- 94% | Mutant 5% | Scavenger-Mutant Dominant Class ---------------- Mutant | -10/Materials Mutant | -9/Materials Mutant | -8/Materials Mutant | -7/Factory Resources | -11 -10 -9 -8 -7 ----------- Run | Scr Mat Mat Mat Fac Matter Collected 649 | 205 92 . 221 131 Remotely . | . . . . . Salvage Created 500 | . 153 53 289 5 Parts 38 | . 6 6 25 1 Haulers Intercepted . | . . . . . Recyclers Shooed 1 | . 1 . . . Parts Field Recycled . | . . . . . Retrieved Matter . | . . . . . Parts Self-Destructed . | . . . . . Prevented . | . . . . . Kills | -11 -10 -9 -8 -7 ------- Run | Scr Mat Mat Mat Fac Combat Hostiles Destroyed 17 | . 5 3 9 . Guns 10 | . 5 1 4 . Cannons 2 | . . . 2 . AOE 5 | . . 2 3 . Classes Destroyed 7 | . 3 . 3 1 Builder 2 | . . . 2 . Tunneler 1 | . . . 1 . Operator 1 | . . . . 1 Watcher 2 | . 1 . 1 . Swarmer 9 | . 3 3 3 . Grunt 6 | . 2 . 4 . Sentry 2 | . . . 2 . Best Kill Streak 7 | . 2 3 7 1 Combat Bots Only 3 | . 2 3 3 . Max Kills in Single Turn 2 | . 1 2 2 1 Gunslinging . | . . . . . Exploded 2 | . . 2 1 . Melee . | . . . . . Uniques/NPCs Destroyed . | . . . . . Combat | -11 -10 -9 -8 -7 -------- Run | Scr Mat Mat Mat Fac Damage Taken 3251 | . 230 21 900 2100 Core 892 | . 47 4 126 715 Absorbed by Shields . | . . . . . Core Remaining (%) 89 | 100 81 99 77 . Volleys Fired 71 | 1 21 3 34 12 Largest 3 | 2 2 2 2 3 Hottest 101 | 100 100 70 101 79 Shots Fired 127 | 2 42 6 63 14 Gun 97 | 2 42 4 42 7 Cannon 2 | . . . 2 . Launcher 20 | . . 2 11 7 Special 8 | . . . 8 . Kinetic 56 | . 9 3 42 2 Thermal 46 | 2 33 1 10 . Explosive 16 | . . . 9 7 Electromagnetic 9 | . . 2 2 5 Robot Hit Streak 13 | . 13 2 8 10 Robot Miss Streak 4 | . 4 1 4 1 Penetration Max . | . . . . . Secondary Targets 1 | . 1 . . . Max Gunslinging Chain 1 | . 1 . . . Shots Hit Robots 66 | . 23 3 36 4 Core Hits 45 | . 10 3 21 11 Critical Hits 1 | . . . 1 . Critical Kills . | . . . . . Critical Parts Destroyed 1 | . . . 1 . Melee Attacks . | . . . . . Impact . | . . . . . Slashing . | . . . . . Piercing . | . . . . . Sneak Attacks . | . . . . . Combat Hostiles . | . . . . . Follow-up Attacks . | . . . . . Damage Inflicted 1554 | . 255 47 954 298 Guns 564 | . 252 10 251 51 Cannons 41 | . . . 41 . Explosions 843 | . . 37 595 211 Melee . | . . . . . Ramming 52 | . 3 . 13 36 Kinetic 312 | . 51 10 251 . Thermal 296 | . 201 . 95 . Explosive 776 | . . . 565 211 Electromagnetic 118 | . . 37 30 51 Impact . | . . . . . Slashing . | . . . . . Piercing . | . . . . . Highest Corruption 11 | . 1 . . 11 Average Corruption 5 | . 1 . . 6 Corruption Purged . | . . . . . Effects 10 | . . . . 10 Message Errors 2 | . . . . 2 Matter Fused 4 | . . . . 4 Heat Flow Errors 3 | . . . . 3 Energy Discharges 1 | . . . . 1 Overload Shots . | . . . . . Overflow Damage 50 | . . . 26 24 Projectiles . | . . . . . Explosions 50 | . . . 26 24 Melee . | . . . . . Knockbacks . | . . . . . Impact . | . . . . . Kinetic . | . . . . . Secondary . | . . . . . Self-Inflicted Damage 249 | . . 4 31 214 Shots 6 | . . 1 1 4 Rammed 5 | . 1 . . 4 Targets Rammed 10 | . 2 . 1 7 Kicked 5 | . 1 . 1 3 Crushed . | . . . . . Highest Temperature 169 | 39 117 4 13 169 Average Temperature 35 | 20 29 3 7 60 Received Heat Transfer 504 | . 81 . 288 135 Siege Activations . | . . . . . Robots Corrupted . | . . . . . Combat Hostiles . | . . . . . Parts Fried . | . . . . . Impact Corruptions . | . . . . . Robots Melted . | . . . . . Combat Hostiles . | . . . . . Parts Melted 1 | . 1 . . . Heat Transferred 851 | . 592 . 259 . Parts Sabotaged . | . . . . . Parts Stolen . | . . . . . Parts Stripped . | . . . . . Power Chain Reactions 1 | . . 1 . . Missiles Intercepted . | . . . . . Alert | -11 -10 -9 -8 -7 ------- Run | Scr Mat Mat Mat Fac Peak Influence 291 | . 157 151 291 135 Initial 66 | . . 66 63 59 Average 75 | . 77 121 137 18 Maximum Alert Level 1 | . . . 1 . Low Security (%) 98 | 100 100 100 96 100 Level 1 1 | . . . 3 . Level 2 . | . . . . . Level 3 . | . . . . . Level 4 . | . . . . . Level 5 . | . . . . . High Security . | . . . . . Max Security . | . . . . . Squads Dispatched 6 | . . . 1 5 Investigation . | . . . . . Extermination 2 | . . . . 2 Reinforcement 4 | . . . 1 3 Assault . | . . . . . Garrison . | . . . . . Intercept . | . . . . . Construction Impeded 1 | . . . . 1 Haulers Reinforced . | . . . . . Stealth | -11 -10 -9 -8 -7 --------- Run | Scr Mat Mat Mat Fac Distress Signals 4 | . 1 1 1 1 Communications Jammed . | . . . . . Distress Signals . | . . . . . Times Spotted 40 | . 8 4 13 15 Peak Tracking Total 4 | . 3 3 3 4 Tactical Retreats 4 | . 1 . . 3 Traps | -11 -10 -9 -8 -7 ------- Run | Scr Mat Mat Mat Fac Traps Triggered 3 | . . . . 3 Indirectly . | . . . . . Trap Hack Attempts . | . . . . . Triggered . | . . . . . Disarmed . | . . . . . Reprogrammed . | . . . . . Reused . | . . . . . Traps Extracted . | . . . . . Installed . | . . . . . Triggered . | . . . . . Machines | -11 -10 -9 -8 -7 ---------- Run | Scr Mat Mat Mat Fac Machines Disabled 6 | . . . 1 5 Max in Single Turn 4 | . . . 1 4 Machines Sabotaged . | . . . . . Garrisons Compromised . | . . . . . Overloaded Fab Kills . | . . . . . Fab Network Shutdowns . | . . . . . Hacking | -11 -10 -9 -8 -7 --------- Run | Scr Mat Mat Mat Fac Machines Accessed 1 | . . . . 1 Terminals 1 | . . . . 1 Fabricators . | . . . . . Repair Stations . | . . . . . Recycling Units . | . . . . . Scanalyzers . | . . . . . Garrison Access . | . . . . . Total Hacks 1 | . . . . 1 Successful 1 | . . . . 1 Failed . | . . . . . Catastrophic . | . . . . . Database Lockouts . | . . . . . Manual . | . . . . . Terminals 1 | . . . . 1 Fabricators . | . . . . . Repair Stations . | . . . . . Recycling Units . | . . . . . Scanalyzers . | . . . . . Garrison Access . | . . . . . Terminal Hacks 1 | . . . . 1 Unreport Threat 1 | . . . . 1 Fabricator Hacks . | . . . . . Repair Station Hacks . | . . . . . Recycling Unit Hacks . | . . . . . Scanalyzer . | . . . . . Garrison Access Hacks . | . . . . . Unauthorized Hacks . | . . . . . Terminals . | . . . . . Fabricators . | . . . . . Repair Stations . | . . . . . Recycling Units . | . . . . . Scanalyzers . | . . . . . Garrison Access . | . . . . . Data Cores Recovered . | . . . . . Used . | . . . . . Hacking Detections 1 | . . . . 1 Full Trace Events . | . . . . . Feedback Events . | . . . . . Feedback Blocked . | . . . . . Robot Schematics Acquired . | . . . . . Robots Built . | . . . . . Matter . | . . . . . Time . | . . . . . Total Robot Build Rating . | . . . . . Part Schematics Acquired . | . . . . . Parts Built . | . . . . . Matter . | . . . . . Time . | . . . . . Total Part Build Rating . | . . . . . Parts Repaired . | . . . . . Time . | . . . . . Parts Recycled . | . . . . . Recycled Matter . | . . . . . Retrieved Matter . | . . . . . Retrieved Components . | . . . . . Parts Scanalyzed . | . . . . . Part Schematics Acquired . | . . . . . Parts Damaged . | . . . . . Bothacking | -11 -10 -9 -8 -7 ------------ Run | Scr Mat Mat Mat Fac Used RIF Installer . | . . . . . Robots Hacked . | . . . . . Non-combat . | . . . . . Combat . | . . . . . Robot Hacks Applied . | . . . . . Relay Couplers Released . | . . . . . Robots Rewired . | . . . . . Allies Hacked 1 | . . . . 1 Hacks Repelled . | . . . . . Allies | -11 -10 -9 -8 -7 -------- Run | Scr Mat Mat Mat Fac Total Allies 3 | . . . . 3 Largest Group 3 | . . . . 3 Highest-Rated Group 93 | . . . . 93 Highest-Rated Ally 31 | . . . . 31 Total Orders . | . . . . . Ally Attacks 21 | . . . . 21 Total Damage 354 | . . . . 354 Kills 2 | . . . . 2 Allies Corrupted . | . . . . . Allies Melted . | . . . . . Intel | -11 -10 -9 -8 -7 ------- Run | Scr Mat Mat Mat Fac Robot Analysis Total . | . . . . . Derelict Logs Recovered . | . . . . . Drone Launches . | . . . . . Drone Recoveries . | . . . . . Exploration | -11 -10 -9 -8 -7 ------------- Run | Scr Mat Mat Mat Fac Turns Passed 1690 | 70 339 243 435 603 Spaces Moved 989 | 45 160 166 207 411 Core 6 | 3 . . . 3 Treads 68 | . . . . 68 Legs 915 | 42 160 166 207 340 Wheels . | . . . . . Hover . | . . . . . Flight . | . . . . . Fastest Speed 50 | 50 120 120 120 120 Average Speed 127 | 115 120 131 125 131 Slowest Speed 550 | 120 120 150 150 550 Overloaded Moves . | . . . . . Propulsion Burnouts . | . . . . . Robots Hopped . | . . . . . Cave-ins Triggered . | . . . . . Exploration Rate (%) 19 | 4 31 21 21 18 Regions Visited 4 Branch Regions . Pre-discovered Areas . | . . . . . Known Exits Taken . | . . . . . Unknown Exits Taken 4 | 1 1 1 1 . Scrap Searched . | . . . . . Spaces Dug 8 | . . . . 8 Terrain Destroyed 137 | . . 1 81 55 Melee . | . . . . . Projectile . | . . . . . AOE 137 | . . 1 81 55 Terrain Rammed . | . . . . . Walls Destroyed . | . . . . . Machines Disabled . | . . . . . Actions | -11 -10 -9 -8 -7 --------- Run | Scr Mat Mat Mat Fac Total 1280 | 61 266 186 313 454 Wait 92 | . 75 2 15 . Move 985 | 44 159 165 206 411 Hop . | . . . . . Pick Up 48 | 10 4 6 22 6 Fast Attach . | . . . . . Attach 29 | 6 1 2 9 11 Detach 2 | . . . 1 1 Swap 21 | . 2 4 13 2 Drop 22 | . 2 4 12 4 Fire 71 | 1 21 3 34 12 Melee . | . . . . . Ram 2 | . . . . 2 Kick 8 | . 2 . 1 5 Crush . | . . . . . Escape Stasis . | . . . . . Rewire . | . . . . . Trap . | . . . . . Miscellaneous . | . . . . . Route ------- -11/Scrapyard -10/Materials -9/Materials -8/Materials -7/Factory History --------- Turn | Location | Event 15 | -11/Scrapyard | Discovered new exit (range 14) 71 | -11/Scrapyard | Entered Materials 303 | -10/Materials | Build established: Mutant 397 | -10/Materials | Discovered new exit (range 10) 410 | -10/Materials | Entered another Materials area 410 | -9/Materials | Evolved 2 slots: Propulsion x2 649 | -9/Materials | Discovered new exit (range 4) 653 | -9/Materials | Entered another Materials area 653 | -8/Materials | Evolved 2 slots: Power x1, Utility x1 1031 | -8/Materials | Discovered new exit (range 16) 1085 | -8/Materials | Lost 3 parts (1p1u1w) 1088 | -8/Materials | Entered Factory 1088 | -7/Factory | Evolved 2 slots: Utility x1, Weapon x1 1294 | -7/Factory | Lost 3 parts (1n1u1w) 1319 | -7/Factory | Allied Derelicts emerged from ambush trap array 1409 | -7/Factory | P-60 Hacker assimilated allied DO-13F(g) 1421 | -7/Factory | P-60 Hacker assimilated allied A6-RXT(g) 1492 | -7/Factory | Lost 3 parts (1p1n1w) 1532 | -7/Factory | Core integrity fell below 50% 1557 | -7/Factory | Lost 5 parts (1p3n1w) 1659 | -7/Factory | Core integrity fell below 20% 1683 | -7/Factory | System corruption reached 10% 1691 | -7/Factory | Destroyed by H-55 Commando with Gauss Rifle Last Messages --------------- 01658_ Penetrated by Slug. 01659_ Destroyed Shock Rifle. 01664_ Penetrated by Slug. 01667_ The unstable cave ceiling collapses. 01669_ System corrupted: Heat flow error (+164). 01669_ Penetrated by Slug. 01669_ Imp. Carbon-fiber Leg destroyed. 01673_ The unstable cave ceiling collapses. 01680_ Hvy. Rocket Launcher destroyed. 01680_ Penetrated by Slug. 01680_ Carbon-fiber Leg destroyed. 01681_ The unstable cave ceiling collapses. 01682_ Slammed into P-60 Hacker. 01682_ Destabilizing: System corrupted (+2). 01682_ K-01 Serf collects debris. 01684_ Subcomponent Replicator disabled. 01686_ Slug penetrates Wall. 01687_ Slammed into P-60 Hacker. 01691_ The unstable cave ceiling collapses. 01691_ Penetrated by Slug. Map ----- +----------------------------------------------------+ | ???????????????????????# #???????+ # / | | ???????????????????????# #???????# # #+ | | ???????????????????????# #???????# # # | | ???????????????????????# #???????# # # | | ???????????????????????# ####+#### # # | | ???????????????????????# # # | | ???????????????????????+ # !]!# | | ???????????????????????# / !!!#! | | ???????????????????????# # !! #! | | ???????????????????????# ###### | | ???????????????????????# ###############????? | | ??????????????########## # #?????? | | ????????????? # # #?????? | | ????????????????? + / #?????? | | ????????????????????? # # [*] #??????# | | ????????????????????"" # h# [t] #??????? | | ???????????????????""" []] #??????? | | ???????????????????""" # "" #??????? | | ?????????????????? " ???????? | | ????????????????? """ # k ""???????????? | | ???????????????" """"" ""???????????? | | ???????????????? """" ?????????????? | | ?????????????????? ???????????????? | | ????????????????????# #?????????????????? | | ???????????????????## p # ###???????????????? | | ???????????????????# @ #???????????????? | | ???????????????????# #???????????????? | | ???????????????????## #???????????????? | | ????????????????????# #???????????????? | | ????????????????????# #???????????????? | | ????????????????????# #???????????????? | | ????????????????????# """ #???????????????? | | ????????????????????# """ """ #???????????????? | | ????????????????????# """ """ #???????????????? | | ????????????????????# "" "" #???????????????? | | ????????????????????# "" ""? #???????????????? | | ????????????????????# ?? #???????????????? | | ????????????????????###########??#???????????????? | | ?????????????????????????????????????????????????? | | ?????????????????????????????????????????????????? | | ?????????????????????????????????????????????????? | | ?????????????????????????????????????????????????? | | ?????????????????????????????????????????????????? | | ?????????????????????????????????????????????????? | | ?????????????????????????????????????????????????? | | ?????????????????????????????????????????????????? | | ?????????????????????????????????????????????????? | | ?????????????????????????????????????????????????? | | ?????????????????????????????????????????????????? | | ?????????????????????????????????????????????????? | +----------------------------------------------------+ Best States ------------- Heat Dissipation 41 Energy Generation 19 Energy Capacity 250 Matter Stores 300 Matter Capacity 300 Sight Range 16 Terrain Scan Density 10 Resistance: EX 25 Evasion (%) 40 Targeting Accuracy 5 Recoil Reduction 2 Item Schematics ----------------- None Robot Schematics ------------------ None Fabricated ------------ Nothing Alien Tech Used ----------------- None Achievements -------------- None Challenges ------------ None Game ------ Seed ReflectiveDerelictDiverter Manual? 0 Play Time 00:27:53 Cumulative 9.5 hours Start 2020.12.02 @ 03:19:25 End 2020.12.02 @ 03:45:49 Sessions 1 Manual Loads 0 Difficulty Rogue Special Mode None Game No. 37 Rogue 37 Adventurer 0 Explorer 0 Win Type - Total 0 Types 0/0/0/0/0/0/0/0/0 Lore% 11 Gallery% 16 Achievement% 11 Wizard Run 0 Options --------- ASCII 0 Keyboard 0 Movement Numpad Keybinds 0 Fullscreen 2 Font 18/X11Bold Map View 76x50 Tactical HUD 1 Map Filters NONE Filters NONE Steam 1 RUN: 3259b404-45d8-419e-9e76-f8b67e331006